 Dungeon Crawl Stone Soup version 0.25-a0-62-g88673ef095 (webtiles) character file.

Game seed: 11371221065206536412, levelgen mode: deterministic

56539 D1HalberdGnoll the Fighter (level 14, -12/133 HPs)
             Began as a White Draconian Chaos Knight on Oct 30, 2019.
             Was a Plaything of Xom.
             Killed from afar by a fire giant (14 damage)
             ... with a bolt of fire
             ... on level 11 of the Dungeon.
             The game lasted 00:25:35 (19768 turns).

D1HalberdGnoll the Fighter (DrCK)                  Turns: 19768, Time: 00:25:35

Health: -12/133    AC: 11    Str: 17    XL:     14   Next: 42%
Magic:  23/23      EV: 20    Int: 20    God:    Xom [......]
Gold:   1044       SH:  0    Dex: 15    Spells: 13/13 levels left

rFire    + + .     SeeInvis .   A - +6 trident of Misery {pierce, rPois rN+ Str+2 Int+3}
rCold    + . .     Gourm    .   (no shield)
rNeg     + . .     Faith    .   (armour unavailable)
rPois    +         Spirit   .   (helmet restricted)
rElec    .         Reflect  .   P - scarf {rC+ rF+}
rCorr    .         Harm     .   m - +1 pair of gloves
MR       ++...                  c - +0 pair of boots
Stlth    +.........             (no amulet)
HPRegen  0.32/turn              J - ring of fire
MPRegen  0.18/turn              Q - +4 ring of slaying

@: lightly drained
A: breathe frost, unfitting armour, claws 2, fangs 1, clever 2, cold resistance
1, high mp 1, magic resistance 1, mutation resistance 1, sense surroundings 1,
cold-blooded, AC +8
a: Breathe Frost, Renounce Religion


You were on level 11 of the Dungeon.
You worshipped Xom.
You were a very special plaything of Xom.
You were not hungry.

You visited 2 branches of the dungeon, and saw 18 of its levels.
You also visited: Sewer.

You collected 1044 gold pieces.

Inventory:

Hand Weapons
 A - the +6 trident of Misery (weapon) {pierce, rPois rN+ Str+2 Int+3}
   (You found it on level 4 of the Dungeon)

   It inflicts extra damage upon your enemies.
   It affects your strength (+2).
   It affects your intelligence (+3).
   It protects you from poison.
   It protects you from negative energy.
Missiles
 f - 4 throwing nets (quivered)
Armour
 c - a +0 pair of boots (worn)
 m - a +1 pair of gloves (worn)
 P - a scarf of resistance (worn)
Jewellery
 n - the ring of the Monkey's Uncle {Ice *Contam rElec Str+3 Int+4, unknown}
   (You found it on level 11 of the Dungeon)

   [ring of ice]

   It enhances your ice magic.
   It affects your strength (+3).
   It affects your intelligence (+4).
   It makes you vulnerable to fire.
   It protects you from cold.
   It insulates you from electricity.
   It causes magical contamination when unequipped.
 E - a +4 ring of dexterity
 G - an uncursed ring of protection from magic
 J - a ring of fire (left hand)
 Q - a +4 ring of slaying (right hand)
 X - an uncursed ring of poison resistance
Wands
 g - a wand of clouds (5)
 i - a wand of acid (10)
 C - a wand of digging (6)
 D - a wand of disintegration (27)
 F - a wand of polymorph (4)
 K - a wand of scattershot (4)
 T - a wand of paralysis (8)
 Y - a wand of iceblast (8)
Scrolls
 h - 2 scrolls of immolation
 l - a scroll of enchant armour {unknown}
 p - 2 scrolls of amnesia
 q - a scroll of fear
 t - 4 scrolls of fog
 u - 4 scrolls of teleportation
 x - 2 scrolls of blinking {unknown}
 y - a scroll of enchant weapon {unknown}
 z - 11 scrolls of remove curse
 H - 16 scrolls of identify
 I - a scroll of random uselessness {unknown}
 L - 3 scrolls of silence {unknown}
 M - a scroll of holy word {unknown}
 N - a scroll of acquirement {unknown}
 O - a scroll of torment {unknown}
Potions
 a - 2 potions of lignification
 d - 4 potions of curing
 e - a potion of berserk rage {unknown}
 j - 2 potions of invisibility {unknown}
 k - 2 potions of cancellation {unknown}
 o - 3 potions of haste {unknown}
 r - 3 potions of might
 s - 4 potions of mutation {unknown}
 v - 2 potions of ambrosia {unknown}
 w - a potion of magic {unknown}
 B - 2 potions of agility {unknown}
 R - a potion of degeneration {unknown}
 S - 3 potions of heal wounds {unknown}
 U - 2 potions of resistance {unknown}
 V - 2 potions of flight {unknown}
Miscellaneous
 W - a box of beasts
Comestibles
 b - 35 rations


   Skills:
 + Level 14.5(13.8) Fighting
   Level 3.1(9.1) Axes
 - Level 13.9(13.3) Polearms
 + Level 12.4(11.7) Dodging
 + Level 9.9(9.2) Evocations


You had 13 spell levels left.
You didn't know any spells.
Your spell library contained the following spells:

 Spells                   Type           Power        Failure   Level  Hunger
 Confusing Touch          Hex            #.....       19%         1    ##.....
 Magic Dart               Conj           #...         19%         1    ##.....
 Blink                    Tloc           N/A          28%         2    ###....
 Call Imp                 Summ           #.......     28%         2    ###....
 Slow                     Hex            #.......     28%         2    ###....
 Confuse                  Hex            #.......     50%         3    ####...
 Conjure Flame            Conj/Fire      #.......     50%         3    ####...
 Gell's Gravitas          Tloc           #.........   50%         3    ####...
 Mephitic Cloud           Conj/Pois/Air  #.......     50%         3    ####...
 Recall                   Summ/Tloc      N/A          50%         3    ####...
 Animate Dead             Necr           N/A          88%         4    #####..
 Petrify                  Tmut/Erth      #.......     88%         4    #####..
 Borgnjor's Vile Clutch   Necr/Erth      #.........   99%         5    ######.
 Metabolic Englaciation   Hex/Ice        #.........   99%         5    ######.
 Yara's Violent Unravell  Hex/Tmut       #.........   99%         5    ######.
 Death Channel            Necr           #.........   100%        6    #######
 Simulacrum               Ice/Necr       #.........   100%        6    #######


Dungeon Overview and Level Annotations

Branches:
Dungeon (12/15)            Temple (0/1) D:4            Lair (6/6) D:9
 Shoals (0/4) Lair:2        Snake (0/4) Lair:4        Slime (0/5) Lair:6
    Orc (0/2) D:10          Sewer (visited)

Altars:
Elyvilon
Fedhas
Gozag
Makhleb
Nemelex Xobeh
Okawaru
Ru
Sif Muna
Uskayaw
Xom
Jiyva

Shops:
D:7 =   D:8 [

Annotations:
D:11 1 runed translucent door
Lair:4 exclusion: 3 oklob plants


Innate Abilities, Weirdness & Mutations

You can breathe waves of freezing cold.
You can buffet flying creatures when you breathe cold.
Your icy white scales are hard. (AC +8)
You cannot fit into any form of body armour.
Your flesh is cold resistant. (rC+)
You are cold-blooded and may be slowed by cold attacks.
You have very sharp fingernails.
You have very sharp teeth.
Your mind is very acute. (Int +4)
You have an increased reservoir of magic. (+10% MP)
You are resistant to hostile enchantments. (MR+)
You are somewhat resistant to further mutation.
You passively map a small area around you.


Message History

The war gargoyle launches metal splinters at you.
The spray of metal splinters hits you!! The deep troll bites you!!
* * * LOW HITPOINT WARNING * * *
The deep troll claws you!
* * * LOW HITPOINT WARNING * * *
The deep troll claws you.
* * * LOW HITPOINT WARNING * * *
You see here a pitted pewter ring.
n - a pitted pewter ring The hound misses you.
The war gargoyle misses you.
The tengu reaver hits you with a +4 great mace of chaos!!
* * * LOW HITPOINT WARNING * * *
The tengu reaver barely misses you. The tengu reaver claws you!
* * * LOW HITPOINT WARNING * * *
The deep troll misses you. The deep troll closely misses you.
The deep troll misses you.
The fire giant points at you and mumbles some strange words.
The bolt of fire hits you! You resist.
You die...
Xom bursts into laughter!

* * * *
*** ** , ,
* , ,* * ,
* ,, ,
###### *
......###*
, *
.....DT[#
..#.h.Th##
,,
##.#9@|# ,
, #...QC##
....*..|#
* ,
......###
, .#####*
, *,, , ,
, * , * *
* , , * **
*


You could see a fire giant, a tengu reaver, a four-headed hydra, 2 deep trolls,
a war gargoyle, 2 hounds and a battlesphere.

Vanquished Creatures
  A fire dragon (Lair:6)
  8 hydras
  A catoblepas (Lair:4)
  The ghost of Kratos the Bludgeoner, a novice MiBe of Trog (D:9)
  6 death yaks (Lair:6)
  Nergalle (Lair:4)
  An unseen horror (D:10)
  A necromancer (Lair:2)
  11 elephants
  A spectral centaur (D:9)
  3 centaur zombies
  10 black mambas
  A molten gargoyle (Lair:6)
  12 spiny frogs
  3 rime drakes
  A kobold demonologist (D:12)
  9 komodo dragons
  2 polar bears
  A troll (D:10)
  10 hippogriffs
  6 blink frogs
  A hornet (D:10)
  2 centaur simulacra (D:9)
  A spriggan (D:8)
  4 wyverns
  75 yaks
  A hungry ghost (D:10)
  4 steam dragons
  4 basilisks
  2 wargs (D:9)
  6 nagas (Lair:4)
  11 water moccasins
  5 hell hounds (Lair:6)
  A swamp worm (D:11)
  9 porcupines
  4 sky beasts
  An ice beast (D:7)
  An orc warrior (D:9)
  A phantom (D:7)
  3 ogres
  A hornet zombie (D:10)
  A centaur (D:8)
  10 crocodiles
  6 big kobolds
  16 bullfrogs
  3 scorpions
  15 killer bees
  2 wyvern skeletons
  4 wights (D:8)
  2 electric eels (Lair:4)
  3 lava snakes (Lair:6)
  6 crimson imps
  A bullfrog zombie (D:10)
  10 hounds
  A quasit (D:9)
  4 centaur skeletons
  4 bullfrog skeletons
  3 orc priests
  A jelly (D:10)
  6 iguanas
  10 orc wizards
  8 worker ants
  2 hell rats (Lair:5)
  7 yak simulacra (Lair:2)
  2 polar bear simulacra (Lair:2)
  A wolf simulacrum (Lair:2)
  A hound zombie (D:5)
  A hound skeleton (D:11)
  14 adders
  3 gnolls (D:6)
  A howler monkey skeleton (D:4)
  4 river rats
  5 oozes
  An adder skeleton (D:7)
  An adder zombie (D:10)
  5 worms
  2 dart slugs
  9 leopard geckos
  40 orcs
  9 giant cockroaches
  4 goblins (D:1)
  4 hobgoblins
  6 jackals
  5 quokkas
  6 ball pythons
  3 bats
  3 frilled lizards
  A giant cockroach zombie (D:6)
  A jackal skeleton (D:8)
  14 kobolds
  A leopard gecko skeleton (D:4)
  A quokka skeleton (D:5)
  13 rats
  A river rat simulacrum (Lair:2)
514 creatures vanquished.

Vanquished Creatures (collateral kills)
  Urug (Lair:6)
  A lindwurm (Lair:6)
  3 elephants (Lair:5)
  A black mamba (Lair:6)
  A molten gargoyle (Lair:6)
  A komodo dragon (Lair:6)
  A basilisk (Lair:6)
  A yak (Lair:1)
  3 wargs (D:10)
  A bullfrog (Lair:5)
  A scorpion (D:9)
  2 killer bees
  2 lava snakes (Lair:6)
  A crimson imp (D:9)
20 creatures vanquished.

Vanquished Creatures (others)
  A komodo dragon (Lair:6)
  2 yaks (Lair:3)
  12 fungi
  5 plants
20 creatures vanquished.

Grand Total: 554 creatures vanquished

Notes
Turn   | Place    | Note
-------+----------+-------------------------------------------
     0 | D:1      | D1HalberdGnoll the Draconian Chaos Knight began the quest
                  | for the Orb.
     0 | D:1      | Reached XP level 1. HP: 19/19 MP: 1/1
   181 | D:1      | XOM: cast spell 'Olgreb's Toxic Radiance'
   186 | D:1      | Reached XP level 2. HP: 26/26 MP: 2/2
   531 | D:1      | XOM: silly message
   761 | D:2      | Reached XP level 3. HP: 33/33 MP: 3/3
   834 | D:2      | Reached skill level 4 in Fighting
   912 | D:2      | XOM: silly message
   940 | D:2      | Found a sparkling altar of Nemelex Xobeh.
  1226 | D:3      | Found an opulent altar of Gozag.
  1473 | D:3      | Found a glowing drain.
  1576 | Sewer    | Entered a sewer
  1604 | Sewer    | Noticed a big kobold
  1611 | Sewer    | XOM: confuse monster(s)
  1618 | Sewer    | Killed a big kobold
  1618 | Sewer    | Reached XP level 4. HP: 34/41 MP: 4/4
  1653 | Sewer    | XOM: confusion
  1665 | Sewer    | Reached XP level 5. HP: 30/47 MP: 5/5
  1671 | Sewer    | Reached skill level 5 in Fighting
  2049 | Sewer    | XOM is BORED!
  2049 | Sewer    | XOM: summons 2 hostile shadow creatures
  2052 | Sewer    | Reached XP level 6. HP: 45/57 MP: 6/6
  2229 | Sewer    | XOM: mild Tloc miscast
  2230 | Sewer    | Noticed a spatial vortex
  2239 | Sewer    | XOM: torment (24/57 hp)
  2245 | Sewer    | Reached skill level 6 in Fighting
  2440 | Sewer    | XOM: fog
  2521 | Sewer    | XOM: polymorph river rat -> adder
  2525 | Sewer    | XOM: confuse monster(s)
  2534 | Sewer    | XOM: mild Summ miscast
  2560 | Sewer    | XOM: noise
  2881 | D:3      | XOM: 2-stop teleportation journey
  2924 | D:3      | Found a hide-covered altar of Uskayaw.
  3482 | D:4      | Reached skill level 5 in Dodging
  3494 | D:4      | XOM: enchant monster (good)
  3574 | D:4      | XOM: cast spell 'Dispersal'
  3621 | D:4      | Your scales start taking on an icy white colour.
  3621 | D:4      | Reached XP level 7. HP: 54/64 MP: 7/7
  3621 | D:4      | Gained mutation: Your flesh is cold resistant. (rC+) [White
                  | Draconian growth]
  3649 | D:4      | Found a staircase to the Ecumenical Temple.
  3823 | D:4      | Found a blossoming altar of Fedhas.
  3881 | D:4      | XOM: harmless Tloc miscast
  3939 | D:4      | Got a twisted trident
  3940 | D:4      | Identified the +6 trident of Misery {pierce, rPois rN+
                  | Str+2 Int+3} (You found it on level 4 of the Dungeon)
  3956 | D:5      | Entered Level 5 of the Dungeon
  4017 | D:5      | XOM: god gift: fuming silvery potion {god gift}
  4113 | D:5      | Reached skill level 1 in Polearms
  4142 | D:5      | Reached skill level 7 in Fighting
  4232 | D:5      | Found an opulent altar of Gozag.
  4437 | D:5      | XOM: scenery: create altars
  4533 | D:5      | Found a burning altar of Makhleb.
  4583 | D:5      | Reached XP level 8. HP: 26/73 MP: 8/8
  5363 | D:6      | XOM: harmless Summ miscast
  5544 | D:6      | XOM: god gift: wand of disintegration (15)
  5691 | D:6      | Found a white marble altar of Elyvilon.
  5758 | D:6      | XOM: noise
  5815 | D:6      | XOM: scenery: create altars
  6173 | D:7      | Reached skill level 5 in Polearms
  6173 | D:7      | XOM: cast spell 'Leda's Liquefaction'
  6178 | D:7      | Reached skill level 8 in Fighting
  6301 | D:7      | Found Zyqiet's Jewellery Shop.
  6362 | D:7      | Noticed a hippogriff
  6368 | D:7      | XOM: fog
  6379 | D:7      | XOM: summons friendly crimson imp
  6380 | D:7      | XOM: confuse monster(s)
  6390 | D:7      | Reached XP level 9. HP: 82/82 MP: 9/9
  6724 | D:8      | XOM: divination: magic mapping
  6766 | D:8      | Reached skill level 9 in Fighting
  6856 | D:8      | XOM: enchant monster (bad)
  6891 | D:8      | XOM: potion effect (might)
  6972 | D:8      | Found Upanoc's Armour Boutique.
  6985 | D:8      | XOM: mild Conj miscast
  7435 | D:8      | XOM: stat loss: -1 Dex (13/14)
  7549 | D:9      | Reached XP level 10. HP: 91/91 MP: 10/10
  7586 | D:9      | XOM: summons friendly shadow imp
  7601 | D:9      | Found an iron altar of Okawaru.
  7601 | D:9      | XOM: 1-stop teleportation journey
  7619 | D:9      | Found a runed translucent gate.
  7619 | D:9      | Found a runed translucent gate.
  7619 | D:9      | Found a runed translucent gate.
  7621 | D:9      | Noticed Kratos's ghost (novice MiBe)
  7621 | D:9      | Noticed a spectral centaur warrior
  7685 | D:9      | XOM: god gift: dyed leather armour {god gift}
  7843 | D:9      | Found a staircase to the Lair.
  7928 | D:9      | XOM: cast spell 'Summon Dragon'
  7932 | D:9      | Reached skill level 10 in Fighting
  8162 | D:9      | XOM: god gift: 19 stones
  8199 | D:9      | Found a sparkling altar of Nemelex Xobeh.
  8202 | D:9      | You fall into a shaft and drop 3 floors!
  8226 | D:12     | Noticed a rust devil
  8233 | D:12     | Reached skill level 10 in Polearms
  8353 | D:11     | XOM: polymorph worker ant -> porcupine
  8369 | D:11     | XOM: divination: magic mapping
  8409 | D:10     | Entered Level 10 of the Dungeon
  8483 | D:10     | XOM: noise
  8484 | D:10     | Reached XP level 11. HP: 46/101 MP: 11/11
  8489 | D:10     | XOM: god gift: 35 gold pieces
  8604 | D:10     | XOM: summons friendly quasit
  8687 | D:10     | XOM: polymorph quasit -> crimson imp
  8699 | D:10     | XOM: polymorph crimson imp -> quasit
  8767 | D:10     | XOM: summons 11 friendly demons
  8768 | D:10     | Found a staircase to the Orcish Mines.
  8861 | D:10     | XOM: summons 5 hostile demons
  8878 | D:10     | XOM: scenery: create altars
  9001 | D:10     | Found a sacrificial altar of Ru.
  9001 | D:10     | XOM: 5-stop teleportation journey
  9320 | D:10     | Killed an unseen horror
  9401 | D:10     | XOM: harmless Pois miscast
  9828 | D:10     | XOM: mild Necr miscast
  9899 | D:10     | XOM: divination: detect creatures
  9963 | D:10     | XOM: divination: magic mapping
  9998 | D:10     | XOM: enchant monster (good)
 10003 | D:10     | Reached skill level 1 in Evocations
 10021 | D:10     | XOM: enchant monster (good)
 10051 | D:10     | Reached skill level 11 in Fighting
 10228 | D:10     | XOM: cloud trail
 10510 | Lair:1   | Entered Level 1 of the Lair of Beasts
 10715 | Lair:1   | XOM: harmless Hex miscast
 10716 | Lair:1   | XOM: summons friendly quasit
 10824 | Lair:1   | XOM: confuse monster(s)
 10825 | Lair:1   | XOM: summons friendly ufetubus
 10843 | Lair:1   | XOM: silly message
 11303 | Lair:2   | XOM: harmless Conj miscast
 11304 | Lair:2   | XOM: summons friendly white imp
 11425 | Lair:2   | XOM: medium Pois miscast
 11442 | Lair:2   | Noticed a five-headed hydra
 11449 | Lair:2   | Killed a five-headed hydra
 11452 | Lair:2   | XOM: cast spell 'Necromutation'
 11486 | Lair:2   | Found a staircase to the Shoals.
 11486 | Lair:2   | XOM: 1-stop teleportation journey
 11488 | Lair:2   | Reached XP level 12. HP: 91/111 MP: 15/15
 11692 | Lair:2   | Noticed a seven-headed hydra
 11742 | Lair:2   | XOM: swap monsters
 11746 | Lair:2   | Killed a seven-headed hydra
 12117 | Lair:2   | XOM: god gift: wand of clouds (5)
 12163 | Lair:2   | Reached skill level 10 in Dodging
 12266 | Lair:2   | XOM: harmless Conj miscast
 12380 | Lair:2   | XOM: god gift: scroll labeled OHOFAO HIRIS {god gift}
 12641 | Lair:2   | XOM: give mutations
 12641 | Lair:2   | Gained mutation: Your mind is acute. (Int +2) [Xom's grace]
 12641 | Lair:2   | Gained mutation: Your mind is very acute. (Int +4) [Xom's
                  | grace]
 12641 | Lair:2   | Gained mutation: You passively map a small area around you.
                  | [Xom's grace]
 12675 | Lair:3   | Reached skill level 12 in Fighting
 12675 | Lair:3   | XOM: destruction
 12677 | Lair:3   | Reached skill level 5 in Evocations
 12756 | Lair:3   | XOM: noise
 12759 | Lair:3   | XOM: potion effect (berserk rage)
 12762 | Lair:3   | XOM: divination: magic mapping
 12775 | Lair:3   | XOM: divination: magic mapping
 12821 | Lair:3   | XOM: 1-stop teleportation journey
 12975 | Lair:3   | Found a gate leading to a gauntlet.
 13397 | Lair:4   | XOM: enchant monster (good)
 13722 | Lair:3   | XOM: scenery: create altars
 13786 | Lair:3   | XOM: silly message
 13843 | Lair:3   | XOM: silly message
 13894 | Lair:4   | XOM: harmless Summ miscast
 13899 | Lair:4   | XOM: confusion (+ monsters)
 13905 | Lair:4   | XOM: scenery: create altars
 14009 | Lair:4   | XOM: noise
 14014 | Lair:4   | XOM: blink monster(s)
 14049 | Lair:4   | Noticed Nergalle
 14061 | Lair:4   | Killed Nergalle
 14066 | Lair:4   | Reached XP level 13. HP: 66/119 MP: 17/17
 14106 | Lair:4   | XOM is BORED!
 14106 | Lair:4   | XOM: mild Tmut miscast
 14177 | Lair:4   | XOM: cloud trail
 14375 | Lair:4   | XOM: confuse monster(s)
 14666 | Lair:4   | XOM: divination: detect creatures
 14818 | Lair:4   | XOM: enchant monster (good)
 14842 | Lair:4   | XOM: mild Air miscast
 14851 | Lair:4   | XOM: divination: magic mapping
 14855 | Lair:4   | XOM: divination: detect items
 14862 | Lair:4   | XOM: harmless Summ miscast
 14952 | Lair:4   | XOM: divination: detect items
 15326 | Lair:4   | Found a staircase to the Snake Pit.
 15584 | Lair:5   | XOM: god gift: runed scarf {god gift}
 15591 | Lair:5   | XOM: scenery: create altars
 15595 | Lair:5   | XOM: scenery: create altars
 15602 | Lair:5   | XOM: enchant monster (good)
 15669 | Lair:5   | Reached skill level 13 in Fighting
 15854 | Lair:5   | XOM is BORED!
 15854 | Lair:5   | XOM: medium Hex miscast
 15901 | Lair:5   | XOM: give mutations
 15901 | Lair:5   | Gained mutation: You have sharp fingernails. [Xom's grace]
 15901 | Lair:5   | Gained mutation: You are resistant to hostile enchantments.
                  | (MR+) [Xom's grace]
 16229 | Lair:5   | XOM: summons 3 friendly demons
 16701 | Lair:5   | XOM: scenery: create altars
 16739 | Lair:5   | XOM: give mutations
 16739 | Lair:5   | Gained mutation: You have very sharp fingernails. [Xom's
                  | grace]
 16739 | Lair:5   | Gained mutation: You are somewhat resistant to further
                  | mutation. [Xom's grace]
 16870 | Lair:6   | Entered Level 6 of the Lair of Beasts
 16876 | Lair:6   | Found a viscous altar of Jiyva.
 16876 | Lair:6   | Found a staircase to the Slime Pits.
 16884 | Lair:6   | XOM: destruction
 16898 | Lair:6   | XOM: snakes to sticks
 17177 | Lair:6   | XOM: enchant monster (good)
 17182 | Lair:6   | XOM: cast spell 'Death Channel'
 17492 | Lair:6   | Found a large runed translucent door.
 17492 | Lair:6   | Found a large runed translucent door.
 17503 | Lair:6   | XOM: enchant monster (good)
 17652 | Lair:6   | Noticed a fire dragon
 17668 | Lair:6   | XOM: give mutations
 17668 | Lair:6   | Gained mutation: You have very sharp teeth. [Xom's grace]
 17668 | Lair:6   | Gained mutation: You have an increased reservoir of magic.
                  | (+10% MP) [Xom's grace]
 17674 | Lair:6   | XOM: 4-stop teleportation journey
 17837 | Lair:6   | Killed a fire dragon
 17971 | Lair:6   | XOM: cleaving
 17976 | Lair:6   | XOM: scenery: create altars
 17979 | Lair:6   | XOM: cast spell 'Dispersal'
 17984 | Lair:6   | Reached XP level 14. HP: 94/130 MP: 22/22
 17986 | Lair:6   | XOM: enchant monster (good)
 17995 | Lair:6   | Reached skill level 14 in Fighting
 18058 | Lair:6   | XOM: noise
 18066 | Lair:6   | Noticed Urug
 18076 | Lair:6   | Killed Urug
 18482 | Lair:6   | XOM: 1-stop teleportation journey
 18574 | Lair:6   | XOM: confuse monster(s)
 18664 | Lair:6   | XOM: enchant monster (bad)
 18668 | Lair:6   | XOM: scenery: create altars
 18678 | Lair:6   | XOM: fog
 19150 | D:9      | Found a shimmering blue altar of Sif Muna.
 19243 | D:9      | Killed Kratos's ghost
 19663 | D:11     | XOM: draining
 19693 | D:11     | Noticed Harold
 19698 | D:11     | Noticed Harold
 19698 | D:11     | Harold changed into Harold the swamp worm
 19702 | D:11     | Killed Harold the swamp worm
 19734 | D:11     | Found a runed translucent door.
 19737 | D:11     | Noticed a tengu reaver
 19765 | D:11     | XOM: 2-stop teleportation journey
 19766 | D:11     | Noticed a war gargoyle
 19766 | D:11     | Noticed a tengu reaver
 19766 | D:11     | Noticed a fire giant
 19766 | D:11     | XOM: chaos upgrade
 19768 | D:11     | Got a pitted pewter ring
 19768 | D:11     | HP: 2/133 [tengu reaver/+4 great mace of chaos (7)]
 19768 | D:11     | Killed from afar by a fire giant

Levels and vault maps discovered:
D:1:      eino_arrival_druids_welcome, layout_loops_ring, minmay_misc_feat_room
D:2:      layout_rooms, chequers_serial_rivers_micro_a, amethyst_killhole,
          hangedman_abyss_or_decor_stabs, nemelex_altar_shiori
D:3:      layout_loops_corners, eat_drink_and_be_merry_uskayaw,
          gup_sewer_entry_pipe, kennysheep_big_empty_room,
          grunt_gozag_breadcrumbs
D:4:      layout_basic, temple_statues, fedhas_altar_3
D:5:      layout_layer_cave, first_ration, basic_altar, skrybe_limestone_x,
          makhleb_heckhound_becter
D:6:      layout_loops_ring, elyvilon_altar_5
D:7:      layout_cave_pools, serial_shops, kennysheep_mini
D:8:      layout_basic, serial_shops, nicolae_shop_behind_doors, the_bakery
D:9:      layout_roguey, lemuel_round_altar, nicolae_overflow_crystal_walls,
          erik_lair_orcish_takeover, gammafunk_ghost_necromancy, led_sif_book
D:10:     layout_layer_cave, minmay_orc_entry_guard_dogs, nicolae_wwwww,
          nrook_loot_triangle, nicolae_ru_the_path_less_chosen
D:11:     minmay_tile_spiral, layout_cave_pods, st_stairs_9, minivault_13,
          uniq_harold
D:12:     layout_loops_ring, special_room [special_room_orc]
Lair:1:   layout_cave_shapes, beast_lair_carwin_11, infiniplex_staircase_pool_2,
          grunt_megastairs_3, lemuel_fruit_tree
Lair:2:   layout_loops_ring, shoals_dummy_entry, st_stairs_7,
          eino_house_with_fridge
Lair:3:   layout_chaotic_city, gauntlet_entry_generic, infiniplex_staircase_pool
Lair:4:   layout_gridlike, minmay_snake_entry_guardpost_large,
          minmay_lair_oklob_chamber, grunt_megastairs_5, uniq_nergalle
Lair:5:   layout_concentric_octagons, minivault_23, minivault_25,
          kennysheep_abandoned_house, grunt_megastairs_4
Lair:6:   cheibrodos_lair_end_hotspot, layout_cave_pods, slime_altar_1,
          serial_bayou_shore_b, uniq_urug

Skill      XL: |  1  2  3  4  5  6  7  8  9 10 11 12 13 14 |
---------------+-------------------------------------------+-----
Fighting       | 4 5 6 7 8 9 10 11 12 13 14 | 14.5
Dodging        | 3 4 5 6 7 8 9 10 11 12 | 12.4
Polearms       | 3 6 8 10 12 13 | 13.9
Evocations     | 4 6 8 9 |  9.9
Axes           | |  3.1

Action                   |  1- 3 |  4- 6 |  7- 9 | 10-12 | 13-15 || total
-------------------------+-------+-------+-------+-------+-------++-------
Melee: Hand axe          |    13 |       |       |       |       ||    13
       Dagger            |   103 |   236 |    27 |       |       ||   366
       Tailslap          |    16 |    26 |    31 |   120 |   107 ||   300
       Trident           |       |       |   330 |   720 |   562 ||  1612
       Bite              |       |       |       |       |    24 ||    24
Throw: Boomerang         |       |       |     1 |     1 |       ||     2
 Abil: Breathe Frost     |       |       |     1 |     7 |     4 ||    12
Evoke: Wand              |       |       |       |     1 |     5 ||     6
       Box of beasts     |       |       |       |       |     1 ||     1
  Use: Potion            |     1 |       |       |     3 |     4 ||     8
       Scroll            |     2 |     1 |     8 |     7 |     3 ||    21
 Stab: Sleeping          |     1 |       |     1 |     5 |     1 ||     8
       Confused          |       |     1 |     2 |     3 |     4 ||    10
       Distracted        |       |       |     1 |     2 |     1 ||     4
       Paralysed         |       |       |       |       |     2 ||     2
       Petrified         |       |       |       |       |     2 ||     2
  Eat: Chunk             |     2 |     6 |     8 |    16 |     6 ||    38
       Ration            |       |     1 |     1 |     2 |     4 ||     8
Armor: Skin              |    36 |    99 |    89 |   128 |    63 ||   415
Dodge: Dodged            |    61 |   194 |   239 |   458 |   245 ||  1197

Table legend:
 A = Non-vault XP
 B = Vault XP
 C = Vault XP percentage of total XP
 D = Non-vault monster count
 E = Vault monster count
 F = Vault count percentage of total count
                 A         B        C        D         E       F
            +---------+---------+-------+---------+---------+-------
      Total |   58023 |   22747 |  28.2 |     393 |     142 |  26.5
            +---------+---------+-------+---------+---------+-------
        D:1 |      34 |       0 |   0.0 |      19 |       0 |   0.0
        D:2 |      28 |       0 |   0.0 |      10 |       0 |   0.0
        D:3 |      26 |      12 |  31.6 |       7 |       5 |  41.7
        D:4 |     251 |       0 |   0.0 |      19 |       0 |   0.0
        D:5 |     526 |      42 |   7.4 |      22 |       1 |   4.3
        D:6 |     607 |       0 |   0.0 |      31 |       0 |   0.0
        D:7 |    1428 |       0 |   0.0 |      20 |       0 |   0.0
        D:8 |    1510 |     229 |  13.2 |      30 |       1 |   3.2
        D:9 |    2627 |    3245 |  55.3 |      29 |      16 |  35.6
       D:10 |    4008 |     399 |   9.1 |      38 |       3 |   7.3
       D:11 |     689 |     169 |  19.7 |       5 |       2 |  28.6
       D:12 |     484 |       0 |   0.0 |       4 |       0 |   0.0
     Lair:1 |    2386 |    1796 |  42.9 |       8 |      11 |  57.9
     Lair:2 |    7626 |    1149 |  13.1 |      33 |      13 |  28.3
     Lair:3 |    5809 |     283 |   4.6 |      27 |       1 |   3.6
     Lair:4 |    6689 |    5033 |  42.9 |      24 |      19 |  44.2
     Lair:5 |    7226 |    1784 |  19.8 |      28 |      12 |  30.0
     Lair:6 |   16069 |    8069 |  33.4 |      39 |      30 |  43.5
      Sewer |       0 |     537 | 100.0 |       0 |      28 | 100.0
            +---------+---------+-------+---------+---------+-------
